 Dungeon Crawl Stone Soup version 0.29.1-12-g30fa7ad0bf (webtiles) character file.

Game seed: 8527417445048815388

8 112233 the Poker (level 2, -2/23 HPs)
             Began as a Merfolk Gladiator on Dec 17, 2022.
             Was a Follower of Fedhas.
             Slain by a kobold
             ... wielding a +0 club
              (3 damage)
             ... on level 1 of the Dungeon.
             The game lasted 00:00:24 (209 turns).

112233 the Poker (Merfolk Gladiator)                 Turns: 209, Time: 00:00:24

Health: -2/23      AC:  5    Str: 14    XL:     2   Next: 8%
Magic:  2/2        EV: 10    Int:  7    God:    Fedhas [*.....]
Gold:   14         SH:  0    Dex: 15    Spells: 1/1 levels left

rFire   . . .      SeeInvis .   a - +0 trident
rCold   . . .      Faith    .   (no shield)
rNeg    . . .      Spirit   .   b - +0 leather armour
rPois   .          Reflect  .   c - +0 helmet
rElec   .          Harm     .   (no cloak)
rCorr   .          Rampage  .   g - +0 pair of gloves
Will    .....                   (no boots)
Stlth   +.........              (no amulet)
HPRegen 0.07/turn               (no ring)
MPRegen 0.08/turn               (no ring)

@: constricted
A: (nimble swimmer 2), mertail
a: Renounce Religion


You were on level 1 of the Dungeon.
You worshipped Fedhas.
Fedhas was aware of your devotion.
You visited 1 branch of the dungeon, and saw 1 of its levels.

You collected 14 gold pieces.

Inventory:

Hand Weapons
 a - a +0 trident (weapon)
Missiles
 d - 3 throwing nets (quivered)
 e - a javelin
Armour
 b - a +0 leather armour (worn)
 c - a +0 helmet (worn)
 g - a +0 pair of gloves (worn)
Scrolls
 f - a scroll of teleportation {unknown}
 h - a scroll of vulnerability {unknown}


   Skills:
 + Level 2.4 Fighting
 * Level 4.4 Polearms
 - Level 2.0 Throwing
 + Level 4.2 Dodging


You had one spell level left.
You didn't know any spells.
Your spell library contained the following spells:

 Spells                   Type           Power      Damage    Failure   Level
 Sting                    Tmut/Pois      0%         1d3       52%         1
 Poisonous Vapours        Pois/Air       0%         N/A       65%         2
 Olgreb's Toxic Radiance  Pois           0%         N/A       99%         4


Dungeon Overview and Level Annotations

Branches:
Dungeon (1/15)

Altars:
Fedhas


Innate Abilities, Weirdness & Mutations

((You are very nimble when in or above water. (Stealth+, EV+, Speed+++)))
Your lower body shifts to a powerful aquatic tail in water.


Message History

You closely miss the goblin.
The goblin is moderately wounded.
The ball python closely misses you. The ball python barely misses you.
The kobold barely misses you. The goblin hits you but does no damage.
You hit the goblin.
You kill the goblin!
Fedhas appreciates your contribution to the ecosystem.
The ball python closely misses you. The ball python grabs you.
The ball python constricts you. The kobold hits you but does no damage.
The ball python closely misses you. The ball python constricts you.
Unknown command.
The ball python's grasp on you weakens, but your attempt to escape fails.
The kobold closely misses you.
The ball python bites you but does no damage.
The ball python constricts you.
The ball python bites you but does no damage.
The ball python barely misses you.
You hit the ball python but do no damage.
The ball python bites you. The ball python constricts you.
The kobold barely misses you. The ball python barely misses you.
The ball python closely misses you.
Unknown command.
You hit the ball python.
The ball python is moderately wounded.
The ball python bites you. The ball python constricts you.
* * * LOW HITPOINT WARNING * * *
The ball python bites you but does no damage.
The ball python bites you.
* * * LOW HITPOINT WARNING * * *
The kobold hits you but does no damage.
You puncture the ball python!
You kill the ball python!
Fedhas appreciates your contribution to the ecosystem.
The ball python bites you.
* * * LOW HITPOINT WARNING * * *
The ball python constricts you.
The ball python bites you but does no damage.
The kobold hits you with a +0 club.
You die...
Fedhas appreciates your contribution to the ecosystem.

..)8...8# .... .......##
######..... ##...###
......>..# #########
##.....# .# .#.#
#..###......#..# .#.#
#..##......>#..#
.#.###..#...........#
........##.......#
#..###..###....S@#.
#..............KBSl.....
#.####..###...##....##.#
#.......# #...##.>...#
#..####.# #...#........
#..# #.# #...##.....#.#
#..# #.# #...#........#
#..# ... .......#.....
.... ..# #.....


You could see a giant cockroach, 2 ball pythons, a kobold and a frilled lizard.

Vanquished Creatures
  An endoplasm (D:1)
  2 goblins (D:1)
  2 kobolds (D:1)
  2 ball pythons (D:1)
  A frilled lizard (D:1)
8 creatures vanquished.

Notes
Turn   | Place    | Note
-------+----------+-------------------------------------------
     0 | D:1      | 112233 the Merfolk Gladiator began the quest for the Orb.
     0 | D:1      | Reached XP level 1. HP: 16/16 MP: 1/1
    88 | D:1      | Found a faded altar of an unknown god.
   119 | D:1      | Prayed at the altar of an unknown god.
   119 | D:1      | Became a worshipper of Fedhas Madash
   119 | D:1      | Reached * piety under Fedhas
   201 | D:1      | Reached XP level 2. HP: 19/23 MP: 2/2
   209 | D:1      | HP: 1/23 [ball python (2)]
   209 | D:1      | Slain by a kobold

Illustrated notes

Levels and vault maps discovered:
D:1:      dpeg_arrival_arbitrary_c, layout_loops_ring, serial_shops,
          shop_fountains, hellmonk_ecumenical_altar_prayer_group

Action                   || total
-------------------------++-------
Melee: Trident           ||    19
 Stab: Sleeping          ||     1
Armor: Leather armour    ||     9
Dodge: Dodged            ||    23
